 Dungeon Crawl Stone Soup version 0.20-a0-1015-g2ec8a95 (webtiles) character file.

27 Monsterracer the Gusty (level 3, -1/19 HPs)
             Began as a Tengu Air Elementalist on Apr 15, 2017.
             Slain by a giant cockroach (2 damage)
             ... on level 1 of the Dungeon.
             The game lasted 00:04:16 (1134 turns).

Monsterracer the Gusty (Tengu Air Elementalist)     Turns: 1134, Time: 00:04:16

Health: -1/19      AC:  0    Str:  8    XL:     3   Next: 10%
Magic:  2/7        EV: 12    Int: 16    God:
Gold:   113        SH:  0    Dex: 14    Spells: 3/6 levels left

rFire    . . .     SeeInvis .   e - +0 whip
rCold    . . .     Gourm    .   (no shield)
rNeg     . . .     Faith    .   d - -2 robe (curse)
rPois    .         Spirit   .   (helmet restricted)
rElec    .         Reflect  .   (no cloak)
rCorr    .         Harm     .   (no gloves)
MR       .....                  (boots unavailable)
Stlth    ++........             (no amulet)
Regen    0.1/turn               (no ring)
MPRegen  0.1/turn               (no ring)

@: very slightly contaminated
A: beak, talons 3
a: no special abilities


You were on level 1 of the Dungeon.
You were not hungry.

You visited 1 branch of the dungeon, and saw 2 of its levels.

You collected 113 gold pieces.

Inventory:

Hand Weapons
 e - a +0 whip (weapon)
Armour
 a - a +1 robe
 d - a cursed -2 robe (worn)
Scrolls
 g - a scroll of teleportation
 h - 2 scrolls of identify
Books
 b - a book of Air

   Spells                             Type                      Level
   a - Shock                          Conjuration/Air              1
   b - Swiftness                      Charms/Air                   2
   c - Static Discharge               Conjuration/Air              3
   d - Airstrike                      Air                          4
   e - Lightning Bolt                 Conjuration/Air              5
Comestibles
 c - 3 bread rations
 l - a royal jelly


   Skills:
 - Level 2.1 Dodging
 - Level 2.0 Stealth
 + Level 2.2 Spellcasting
 * Level 2.6 Conjurations
 + Level 4.6 Air Magic


You had 3 spell levels left.
You knew the following spells:

 Your Spells              Type           Power        Failure   Level  Hunger
a - Shock                 Conj/Air       ##..         6%          1    #......
b - Swiftness             Chrm/Air       #.......     14%         2    ###....


Dungeon Overview and Level Annotations

Branches:
Dungeon (2/15)

Altars:

Annotations:
D:2 Terence


Innate Abilities, Weirdness & Mutations

You have a beak for a mouth.
You have claws for feet.


Message History

Casting: Shock
Confirm with . or Enter, or press ? or * to list all spells.
Aiming: Shock
Press: ? - help, Shift-Dir - straight line, f - giant cockroach
Aim: a giant cockroach (heavily wounded, clinging)
Okay, then.
The giant cockroach waves its antennae.
The giant cockroach completely misses you.
Your magical contamination has completely faded away.
The giant cockroach bites you.
* * * LOW HITPOINT WARNING * * *
Casting: Shock
Confirm with . or Enter, or press ? or * to list all spells.
Aiming: Shock
Press: ? - help, Shift-Dir - straight line, f - giant cockroach
Aim: a giant cockroach (heavily wounded, clinging)
You miscast Shock.
You are very lightly contaminated with residual magic.
Nothing appears to happen.
The giant cockroach bites you.
You die...

#............#.....†...#
#.############.######.##
#.# ########.# ##.# #.#
#........# #..# #.#
#.######.#####..# #.#
#.# #........#### #.#
#.# #.#####...... #.#
#.######.######.#### #.#
#..@s...........# #.#
#..#####.########
#.#####........#
#........#######
#######..# #..# ####


You could see a giant cockroach.

Vanquished Creatures
  2 dart slugs
  A leopard gecko (D:2)
  A giant cockroach (D:1)
  3 goblins
  7 jackals
  A bat (D:1)
  3 kobolds (D:1)
  2 rats (D:1)
20 creatures vanquished.

Notes
Turn   | Place    | Note
-------+----------+-------------------------------------------
     0 | D:1      | Monsterracer the Tengu Air Elementalist began the quest for the Orb.
     0 | D:1      | Reached XP level 1. HP: 10/10 MP: 4/4
   401 | D:1      | Reached XP level 2. HP: 15/15 MP: 4/6
   424 | D:1      | Learned a level 2 spell: Swiftness
   866 | D:1      | Learned a level 1 spell: Shock
  1087 | D:2      | Noticed Terence
  1088 | D:2      | Reached XP level 3. HP: 19/19 MP: 3/7
  1134 | D:1      | Slain by a giant cockroach

Vault maps used:
D:1:      eino_arrival_druids_welcome
D:2:      uniq_terence

Skill      XL: |  1  2 |
---------------+-------+-----
Conjurations   | 2 |  2.6
Dodging        | |  2.1
Stealth        | |  2.0
Spellcasting   | |  2.2
Air Magic      | |  4.6

Action                   || total
-------------------------++-------
Melee: Dagger            ||     2
       Whip              ||     2
       Peck              ||     2
 Cast: Shock             ||    37
  Use: Scroll            ||     6
       Potion            ||     1
  Eat: Chunk             ||     1
Dodge: Dodged            ||    16
